TOP OF THE 1ST |
Jacksonville Suns batting - Pitching for Pensacola Blue Wahoos : LHP Jason St. Clair
|
Pitching: LHP Jason St. Clair
|
|
Batting: RHB Akira Suzuki
|
0-0: Called Strike 0-1: Ball 1-1: Called Strike 1-2: Foul Ball, location: 2F 1-2: Fly out, F7 (Flyball, 7, EV 88.8 MPH)
|
Batting: RHB Reomel Somera
|
0-0: Ball 1-0: Ball 2-0: Called Strike 2-1: Foul Ball, location: 2F 2-2: Ball 3-2: Strikes out swinging
|
Batting: RHB Jack Power
|
0-0: Ball 1-0: Ball 2-0: Called Strike 2-1: Ground out 4-3 (Groundball, 34, EV 103.1 MPH)
|
Top of the 1st over - 0 runs, 0 hits, 0 errors, 0 left on base; Jacksonville 0 - Pensacola 0 |
BOTTOM OF THE 1ST |
Pensacola Blue Wahoos batting - Pitching for Jacksonville Suns : RHP Jorge Lara
|
Pitching: RHP Jorge Lara
|
|
Batting: RHB Randy Grewe
|
0-0: Ball 1-0: Ball 2-0: Called Strike 2-1: Ground out 6-3 (Groundball, 6, EV 100.6 MPH)
|
Batting: RHB Solange Le Coq
|
0-0: Called Strike 0-1: Ball 1-1: Ball 2-1: Ball 3-1: Swinging Strike 3-2: Strikes out looking
|
Batting: SHB David Garnica
|
0-0: Ball 1-0: Fly out, F8 (Line Drive, 8RD, EV 97.5 MPH)
|
Bottom of the 1st over - 0 runs, 0 hits, 0 errors, 0 left on base; Jacksonville 0 - Pensacola 0 |
TOP OF THE 2ND |
Jacksonville Suns batting - Pitching for Pensacola Blue Wahoos : LHP Jason St. Clair
|
Batting: RHB Torquato Obawole
|
0-0: Foul Ball, location: 2F 0-1: Foul Ball, location: 2F 0-2: Ground out 3-1 (Groundball, 34, EV 83.8 MPH)
|
Batting: LHB Dong-u Chang
|
0-0: Ball 1-0: Called Strike 1-1: Foul Ball, location: 2F 1-2: Foul Ball, location: 2F 1-2: SINGLE (Groundball, 4M, EV 92.5 MPH) (infield hit)
|
Batting: RHB Len Graham
|
0-0: Called Strike 0-1: SINGLE (Groundball, 34, EV 98.8 MPH) (infield hit) Dong-u Chang to second
|
Batting: RHB Larry LeFever
|
0-0: Ground out 6-3 (Groundball, 56, EV 103.8 MPH) Dong-u Chang to third Len Graham to second
|
Batting: RHB Chris Alft
|
0-0: Ball 1-0: Swinging Strike 1-1: Ball 2-1: Swinging Strike 2-2: Ball 3-2: Ground out 5-3 (Groundball, 5L, EV 78.8 MPH)
|
Top of the 2nd over - 0 runs, 2 hits, 0 errors, 2 left on base; Jacksonville 0 - Pensacola 0 |
BOTTOM OF THE 2ND |
Pensacola Blue Wahoos batting - Pitching for Jacksonville Suns : RHP Jorge Lara
|
Batting: RHB Andy Urquhart
|
0-0: Called Strike 0-1: Ball 1-1: Called Strike 1-2: Foul Ball, location: 2F 1-2: Strikes out looking
|
Batting: RHB Jose Nunez
|
0-0: Ball 1-0: Foul Ball, location: 2F 1-1: Called Strike 1-2: Strikes out swinging, 2-3 out at first.
|
Batting: RHB Mark Williams
|
0-0: Ball 1-0: Called Strike 1-1: Foul Ball, location: 2F 1-2: Ball 2-2: Ball 3-2: Fly out, F7 (Flyball, 78D, EV 87.5 MPH)
|
Bottom of the 2nd over - 0 runs, 0 hits, 0 errors, 0 left on base; Jacksonville 0 - Pensacola 0 |
TOP OF THE 3RD |
Jacksonville Suns batting - Pitching for Pensacola Blue Wahoos : LHP Jason St. Clair
|
Batting: LHB Matt McKeon
|
0-0: Ball 1-0: Called Strike 1-1: Ball 2-1: Foul Ball, location: 2F 2-2: Strikes out swinging
|
Batting: RHB Akira Suzuki
|
0-0: Foul Ball, location: 2F 0-1: Foul Ball, location: 2F 0-2: Ball 1-2: Foul Ball, location: 2F 1-2: Ground out 4-3 (Groundball, 4, EV 86.2 MPH)
|
Batting: RHB Reomel Somera
|
0-0: Swinging Strike 0-1: Reached on error, E1 (Groundball, 13S, EV 63.1 MPH)
|
Batting: RHB Jack Power
|
0-0: Called Strike 0-1: SINGLE (Groundball, 4M, EV 96.9 MPH) Reomel Somera to third Runner from 3rd tries for Home, SAFE, throw by CF to home
|
Batting: RHB Torquato Obawole
|
0-0: Foul Ball, location: 2F 0-1: Called Strike 0-2: Ball 1-2: Foul Ball, location: 2F Pickoff Throw to First - Out! 1-3
|
Top of the 3rd over - 1 run, 1 hit, 1 error, 0 left on base; Jacksonville 1 - Pensacola 0 |
BOTTOM OF THE 3RD |
Pensacola Blue Wahoos batting - Pitching for Jacksonville Suns : RHP Jorge Lara
|
Batting: RHB David Stayton
|
0-0: Ball 1-0: Fly out, F9 (Flyball, 9, EV 88.1 MPH)
|
Batting: RHB Ryan Short
|
0-0: SINGLE (Groundball, 56D, EV 100.6 MPH)
|
Batting: RHB Alex Velasquez
|
0-0: Swinging Strike 0-1: Called Strike 0-2: Ball 1-2: Ball 2-2: Strikes out swinging
|
Batting: RHB Randy Grewe
|
0-0: Ball Ryan Short steals 2nd base 1-0: Swinging Strike 1-1: Foul Ball, location: 2F 1-2: Ball 2-2: Ball 3-2: DOUBLE (Flyball, 8RXD, EV 95.0 MPH) Ryan Short scores
|
Batting: RHB Solange Le Coq
|
0-0: Called Strike 0-1: 2-RUN HOME RUN (Flyball, 89XD, EV 101.2 MPH), Distance : 403 ft
|
Batting: SHB David Garnica
|
0-0: Ball 1-0: Ball 2-0: Ball 3-0: Called Strike 3-1: Ground out U3 (Groundball, 34, EV 85.6 MPH)
|
Bottom of the 3rd over - 3 runs, 3 hits, 0 errors, 0 left on base; Jacksonville 1 - Pensacola 3 |
TOP OF THE 4TH |
Jacksonville Suns batting - Pitching for Pensacola Blue Wahoos : LHP Jason St. Clair
|
Batting: RHB Torquato Obawole
|
0-0: Ball 1-0: Called Strike 1-1: Called Strike 1-2: Strikes out swinging
|
Batting: LHB Dong-u Chang
|
0-0: Foul Ball, location: 2F 0-1: Ball 1-1: Ground out 1-3 (Groundball, 34S, EV 70.6 MPH)
|
Batting: RHB Len Graham
|
0-0: Foul Ball, location: 2F 0-1: Swinging Strike 0-2: Foul Ball, location: 2F 0-2: Foul Ball, location: 2F 0-2: Foul Ball, location: 2F 0-2: Ball 1-2: Ball 2-2: Strikes out looking
|
Top of the 4th over - 0 runs, 0 hits, 0 errors, 0 left on base; Jacksonville 1 - Pensacola 3 |
BOTTOM OF THE 4TH |
Pensacola Blue Wahoos batting - Pitching for Jacksonville Suns : RHP Jorge Lara
|
Batting: RHB Andy Urquhart
|
0-0: Called Strike 0-1: Ball 1-1: Called Strike 1-2: Strikes out swinging
|
Batting: RHB Jose Nunez
|
0-0: Swinging Strike 0-1: Called Strike 0-2: DOUBLE (Flyball, 78D, EV 110.0 MPH)
|
Batting: RHB Mark Williams
|
0-0: Swinging Strike 0-1: Fly out, F6 (Line Drive, 6, EV 66.2 MPH)
|
Batting: RHB David Stayton
|
0-0: Ball 1-0: Ball 2-0: Foul Ball, location: 2F 2-1: SINGLE (Groundball, P, EV 88.8 MPH) (infield hit) Jose Nunez to third
|
Batting: RHB Ryan Short
|
0-0: Called Strike 0-1: Fielders Choice at 2nd, 5-4 (Groundball, 56, EV 93.1 MPH)
|
Bottom of the 4th over - 0 runs, 2 hits, 0 errors, 2 left on base; Jacksonville 1 - Pensacola 3 |
TOP OF THE 5TH |
Jacksonville Suns batting - Pitching for Pensacola Blue Wahoos : LHP Jason St. Clair
|
Batting: RHB Larry LeFever
|
0-0: Called Strike 0-1: Ball 1-1: Ground out 6-3 (Groundball, 6M, EV 101.2 MPH)
|
Batting: RHB Chris Alft
|
0-0: Called Strike 0-1: Called Strike 0-2: Ball 1-2: Ball 2-2: Ball 3-2: Base on Balls
|
Batting: LHB Matt McKeon
|
0-0: Foul Ball, location: 2F 0-1: Fielders Choice at 2nd, 3-6 (Groundball, 34, EV 90.6 MPH)
|
Batting: RHB Akira Suzuki
|
0-0: SINGLE (Groundball, 56D, EV 108.8 MPH) (infield hit) Matt McKeon to second
|
Batting: RHB Reomel Somera
|
0-0: Called Strike 0-1: Ball 1-1: Ball 2-1: Called Strike 2-2: Ball 3-2: Strikes out looking
|
Top of the 5th over - 0 runs, 1 hit, 0 errors, 2 left on base; Jacksonville 1 - Pensacola 3 |
BOTTOM OF THE 5TH |
Pensacola Blue Wahoos batting - Pitching for Jacksonville Suns : RHP Jorge Lara
|
Batting: RHB Alex Velasquez
|
0-0: Called Strike 0-1: Ball 1-1: Foul Ball, location: 2F 1-2: SINGLE (Groundball, 4MD, EV 90.6 MPH) (infield hit)
|
Batting: RHB Randy Grewe
|
0-0: Called Strike Alex Velasquez steals 2nd base 0-1: Foul Ball, location: 2F 0-2: Ball 1-2: Ground out 6-3 (Groundball, 6, EV 80.0 MPH) Alex Velasquez to third
|
Batting: RHB Solange Le Coq
|
0-0: Fly out, F9 (Flyball, 89M, EV 91.9 MPH)
|
Batting: SHB David Garnica
|
0-0: Ball 1-0: Called Strike 1-1: Ground out 1-3 (Groundball, 13S, EV 72.5 MPH)
|
Bottom of the 5th over - 0 runs, 1 hit, 0 errors, 1 left on base; Jacksonville 1 - Pensacola 3 |
TOP OF THE 6TH |
Jacksonville Suns batting - Pitching for Pensacola Blue Wahoos : LHP Jason St. Clair
|
Batting: RHB Jack Power
|
0-0: Ball 1-0: Hit by Pitch
|
Batting: RHB Torquato Obawole
|
0-0: Swinging Strike 0-1: Ball 1-1: Ball 2-1: Hit by Pitch Jack Power to second
|
Batting: LHB Dong-u Chang
|
0-0: Grounds into double play, 5-4-3 (Groundball, 5, EV 91.2 MPH) Jack Power to third
|
Batting: RHB Len Graham
|
0-0: Called Strike 0-1: Called Strike 0-2: Ball 1-2: Strikes out swinging
|
Top of the 6th over - 0 runs, 0 hits, 0 errors, 1 left on base; Jacksonville 1 - Pensacola 3 |
BOTTOM OF THE 6TH |
Pensacola Blue Wahoos batting - Pitching for Jacksonville Suns : RHP Jorge Lara
|
Batting: RHB Andy Urquhart
|
0-0: Fly out, F8 (Line Drive, 78M, EV 110.0 MPH)
|
Batting: RHB Jose Nunez
|
0-0: Ball 1-0: Foul Ball, location: 2F 1-1: Foul Ball, location: 2F 1-2: Fly out, F9 (Flyball, 9D, EV 91.9 MPH)
|
Batting: RHB Mark Williams
|
0-0: Ball 1-0: Fly out, F8 (Flyball, 8RD, EV 88.1 MPH)
|
Bottom of the 6th over - 0 runs, 0 hits, 0 errors, 0 left on base; Jacksonville 1 - Pensacola 3 |
TOP OF THE 7TH |
Jacksonville Suns batting - Pitching for Pensacola Blue Wahoos : LHP Jason St. Clair
|
Batting: RHB Larry LeFever
|
0-0: Foul Ball, location: 2F 0-1: Swinging Strike 0-2: Strikes out swinging
|
Batting: RHB Chris Alft
|
0-0: Called Strike 0-1: Ball 1-1: Fly out, F9 (Line Drive, 89S, EV 91.9 MPH)
|
Batting: LHB Matt McKeon
|
0-0: Ball 1-0: Foul Ball, location: 2F 1-1: Called Strike 1-2: Ball 2-2: SINGLE (Groundball, 34D, EV 107.5 MPH)
|
Pitching: RHP Vladislav Prochazka
|
|
Batting: RHB Akira Suzuki
|
0-0: Fly out, F3 (Popup, 3SF, EV 88.1 MPH)
|
Top of the 7th over - 0 runs, 1 hit, 0 errors, 1 left on base; Jacksonville 1 - Pensacola 3 |
BOTTOM OF THE 7TH |
Pensacola Blue Wahoos batting - Pitching for Jacksonville Suns : RHP Jorge Lara
|
Batting: RHB David Stayton
|
0-0: Ball 1-0: Ball 2-0: Called Strike 2-1: Ground out 6-3 (Groundball, 6, EV 89.4 MPH)
|
Batting: RHB Ryan Short
|
0-0: Ball 1-0: Called Strike 1-1: SINGLE (Line Drive, 4D, EV 95.6 MPH)
|
Batting: RHB Alex Velasquez
|
0-0: Ball 1-0: SINGLE (Groundball, 34, EV 93.8 MPH) Ryan Short to second Runner from 2nd tries for 3rd, SAFE, throw by RF made to third Alex Velasquez to second
|
Batting: RHB Randy Grewe
|
0-0: Ball 1-0: Ball 2-0: Ball 3-0: Base on Balls
|
Pitching: LHP Will Sledge
|
|
Batting: RHB Solange Le Coq
|
0-0: Ball 1-0: Called Strike 1-1: Ball 2-1: Called Strike 2-2: Grounds into fielders choice 6-2 (Groundball, 56S, EV 65.6 MPH) Alex Velasquez to third Randy Grewe to second
|
Batting: SHB David Garnica
|
0-0: Foul Ball, location: 2F 0-1: Swinging Strike 0-2: Strikes out swinging
|
Bottom of the 7th over - 0 runs, 2 hits, 0 errors, 3 left on base; Jacksonville 1 - Pensacola 3 |
TOP OF THE 8TH |
Jacksonville Suns batting - Pitching for Pensacola Blue Wahoos : RHP Vladislav Prochazka
|
Batting: RHB Reomel Somera
|
0-0: Called Strike 0-1: Ball 1-1: Foul Ball, location: 2F 1-2: Ground out 4-3 (Groundball, 4M, EV 87.5 MPH)
|
Batting: RHB Jack Power
|
0-0: Fly out, F7 (Flyball, 7, EV 90.6 MPH)
|
Batting: RHB Torquato Obawole
|
0-0: Called Strike 0-1: Ball 1-1: Ball 2-1: Called Strike 2-2: Strikes out looking
|
Top of the 8th over - 0 runs, 0 hits, 0 errors, 0 left on base; Jacksonville 1 - Pensacola 3 |
BOTTOM OF THE 8TH |
Pensacola Blue Wahoos batting - Pitching for Jacksonville Suns : LHP Will Sledge
|
Pitching: RHP Dan Durand
|
|
Batting: RHB Andy Urquhart
|
0-0: Ground out 5-3 (Groundball, 5S, EV 85.6 MPH)
|
Batting: RHB Jose Nunez
|
0-0: Ball 1-0: Ball 2-0: Called Strike 2-1: SINGLE (Line Drive, 56D, EV 106.2 MPH)
|
Batting: RHB Mark Williams
|
0-0: Fly out, F8 (Flyball, 8RD, EV 73.1 MPH)
|
Batting: RHB David Stayton
|
0-0: Called Strike 0-1: Fielders Choice at 2nd, 5-4 (Groundball, 56, EV 80.0 MPH)
|
Bottom of the 8th over - 0 runs, 1 hit, 0 errors, 1 left on base; Jacksonville 1 - Pensacola 3 |
TOP OF THE 9TH |
Jacksonville Suns batting - Pitching for Pensacola Blue Wahoos : RHP Vladislav Prochazka
|
Pitching: RHP Dave Kurtz
|
|
Now at 2B: Gabe Ochoa
|
|
Now at SS: Alex Velasquez
|
|
Batting: LHB Dong-u Chang
|
0-0: Swinging Strike 0-1: Foul Ball, location: 2F 0-2: Ball 1-2: Foul Ball, location: 2F 1-2: Ball 2-2: Foul Ball, location: 2F 2-2: Foul Ball, location: 2F 2-2: Ball 3-2: Fly out, F8 (Flyball, 8LM, EV 81.9 MPH)
|
Batting: RHB Len Graham
|
0-0: Swinging Strike 0-1: Ball 1-1: Ground out 4-3 (Groundball, 4, EV 91.9 MPH)
|
Batting: RHB Larry LeFever
|
0-0: Ball 1-0: Ground out 6-3 (Groundball, 6, EV 89.4 MPH)
|
Top of the 9th over - 0 runs, 0 hits, 0 errors, 0 left on base; Jacksonville 1 - Pensacola 3 |
|